[Event "Titled Tuesday Blitz June 27 Late 2023"]
[White "Ljukin, Sergei"]
[Black "Barp, Alberto"]
[WhiteFideId "14102200"]
[BlackFideId "872555"]
[WhiteElo "2546"]
[BlackElo "2714"]
[Result "0-1"]
[Round "4"]
[TimeControl "180+2"]
[Date "2023.06.27"]
[WhiteClock "0:00:06"]
[BlackClock "0:01:16"]
[Board "59"]

1. e4 e6 2. d4 d5 3. Nc3 Nf6 4. Bg5 dxe4 5. Nxe4 Nbd7 6. Nf3 Be7 7. Nxf6+ Nxf6 8. Bd3 c5 9. Qd2 cxd4 10. O-O-O O-O 11. Nxd4 e5 12. Nf5 Bxf5 13. Bxf5 Qb6 14. Qe2 g6 15. Qxe5 Rfe8 16. Bd3 Ng4 17. Qf4 Bxg5 18. Qxg5 Nxf2 19. Kb1 Nxh1 20. Rxh1 Qe3 21. Qh4 Rad8 22. a3 Qd4 23. Qg3 Rd6 24. Rf1 Rb6 25. b3 Rf6 26. Rxf6 Qxf6 27. Qc7 Re1+ 0-1


[Site "https://www.chess.com"]

[Event "Titled Tuesday Blitz June 27 Late 2023"]
[White "Makridis, Dimitrios"]
[Black "Nasir, Zehn"]
[WhiteFideId "25864475"]
[BlackFideId "2613239"]
[WhiteElo "2713"]
[BlackElo "2546"]
[Result "1-0"]
[Round "4"]
[TimeControl "180+2"]
[Date "2023.06.27"]
[WhiteClock "0:00:19"]
[BlackClock "0:00:00"]
[Board "60"]

1. e4 c6 2. d4 d5 3. exd5 cxd5 4. Bd3 Nc6 5. c3 Qc7 6. h3 Nf6 7. Nf3 g6 8. O-O Bg7 9. Re1 O-O 10. Bg5 Bf5 11. Bxf5 gxf5 12. Nbd2 e6 13. Re2 Rab8 14. Bh4 Ne4 15. Ne1 Qf4 16. Ndf3 b5 17. Nd3 Qh6 18. a3 a5 19. Bg3 Nxg3 20. fxg3 b4 21. axb4 axb4 22. Kh2 bxc3 23. bxc3 Rfc8 24. Qe1 Ne7 25. Nc5 f4 26. g4 Ng6 27. Ra7 Nf8 28. Ne5 Bxe5 29. Rxe5 f3 30. gxf3 Qf4+ 31. Kg2 Ng6 32. Re2 Qg5 33. Kh2 Nf4 34. Rea2 Qh6 35. Qg3 Rb1 36. g5 Qg6 37. Qxf4 Rcb8 38. Ra8 Rb2+ 39. Rxb2 Rxa8 40. Nd7 Ra1 41. Rb8+ Kg7 42. Rg8+ Kxg8 43. Qb8+ 1-0


[Site "https://www.chess.com"]

[Event "Titled Tuesday Blitz June 27 Late 2023"]
[White "Golubev, Mikhail"]
[Black "Darini, Pouria"]
[WhiteFideId "14100983"]
[BlackFideId "12502200"]
[WhiteElo "2543"]
[BlackElo "2711"]
[Result "1-0"]
[Round "4"]
[TimeControl "180+2"]
[Date "2023.06.27"]
[WhiteClock "0:00:06"]
[BlackClock "0:00:02"]
[Board "61"]

1. e4 c5 2. Nf3 Nc6 3. Nc3 d6 4. d4 cxd4 5. Nxd4 Nf6 6. Bc4 e6 7. Be3 Bd7 8. f4 Rc8 9. Bb3 Nxd4 10. Qxd4 Bc6 11. O-O-O Qb6 12. Qd3 Qa5 13. f5 exf5 14. exf5 Be7 15. Rhg1 O-O 16. g4 Nd7 17. Nd5 Bxd5 18. Qxd5 Qxd5 19. Bxd5 Rc7 20. g5 Rfc8 21. c3 Ne5 22. g6 hxg6 23. fxg6 Kf8 24. gxf7 Nxf7 25. Bd4 Ne5 26. Be6 Rd8 27. Bxe5 dxe5 28. Rgf1+ Ke8 29. Bf7+ Kf8 30. Bb3+ Ke8 31. Ba4+ Rc6 32. Bxc6+ bxc6 33. Rxd8+ Bxd8 34. Kc2 Ke7 35. Kd3 Ke6 36. Ke4 Be7 37. Rg1 Bf6 38. Rg2 Kd6 39. b3 Kc5 40. Re2 a5 41. a4 Kd6 42. Rd2+ Ke6 43. c4 Bg5 44. Rg2 Bf6 45. h3 Kd6 46. Rc2 Kc5 47. Rc3 Kb4 48. Rd3 Kc5 49. Rf3 Bg5 50. Kxe5 Kb4 51. Ke4 Bc1 52. Rd3 Bb2 53. c5 Bc3 54. Kf5 Kxb3 55. Ke6 Kc4 56. Rg3 Bf6 57. Kd6 Bd4 58. Rg4 Kd3 59. Kxc6 Bf6 60. Kd5 Kc3 61. c6 Kb3 62. c7 1-0


[Site "https://www.chess.com"]

[Event "Titled Tuesday Blitz June 27 Late 2023"]
[White "Goltsev, Dmitry"]
[Black "Perez, Maximiliano"]
[WhiteFideId "24176710"]
[BlackFideId "117234"]
[WhiteElo "2704"]
[BlackElo "2542"]
[Result "1-0"]
[Round "4"]
[TimeControl "180+2"]
[Date "2023.06.27"]
[WhiteClock "0:02:00"]
[BlackClock "0:00:31"]
[Board "62"]

1. e4 e5 2. Nf3 Nf6 3. Nxe5 d6 4. Nf3 Nxe4 5. d3 Nf6 6. d4 Be7 7. Bd3 O-O 8. O-O Bg4 9. Bg5 Nc6 10. c3 Re8 11. Nbd2 h6 12. Bh4 d5 13. h3 Bxf3 14. Nxf3 Ne4 15. Bxe7 Qxe7 16. Re1 Qd6 17. Bxe4 dxe4 18. Nd2 f5 19. Qb3+ Kh7 20. Qxb7 Rab8 21. Qa6 Qg6 22. Nc4 f4 23. d5 f3 24. g3 Qf5 25. Ne3 Qxh3 26. dxc6 Rxb2 27. Qf1 Qh5 28. Rad1 Re6 29. Rd5 Qe8 30. Qc4 Rxc6 31. Rc5 Rg6 32. Nf5 Rg5 33. Qxe4 Qxe4 34. Rxe4 Rb1+ 35. Kh2 Rh5+ 36. Rh4 Rxh4+ 37. gxh4 Rb2 38. Kg3 1-0


[Site "https://www.chess.com"]

[Event "Titled Tuesday Blitz June 27 Late 2023"]
[White "JackRodgers"]
[Black "Cugimura97"]
[WhiteElo "2541"]
[BlackElo "2703"]
[Result "1/2-1/2"]
[Round "4"]
[TimeControl "180+2"]
[Date "2023.06.27"]
[WhiteClock "0:00:03"]
[BlackClock "0:00:45"]
[Board "63"]

1. d4 c6 2. c4 d5 3. Nc3 Nf6 4. Nf3 dxc4 5. e4 b5 6. e5 Nd5 7. a4 b4 8. Nb1 a5 9. Bxc4 e6 10. O-O Be7 11. Nbd2 O-O 12. Ne4 Bb7 13. Be3 h6 14. Rc1 Nd7 15. Qe2 Rc8 16. Rfd1 N7b6 17. b3 Nd7 18. h3 Qb6 19. Qd2 f5 20. exf6 N7xf6 21. Nc5 Bxc5 22. dxc5 Qc7 23. Nd4 Rce8 24. Re1 Ne4 25. Qd3 Nec3 26. Bd2 Bc8 27. Bxc3 bxc3 28. Bxd5 exd5 29. Rxe8 Rxe8 30. Qxc3 Qf4 31. Nxc6 Re2 32. Rf1 Qg5 33. Nxa5 Bf5 34. Nc6 Be4 35. g3 Rc2 36. Qe5 Rxf2 37. Rxf2 Qc1+ 38. Rf1 Qc2 39. Ne7+ Kh7 40. Rf2 Qc1+ 41. Rf1 Qxc5+ 42. Rf2 Qc1+ 43. Rf1 Qc2 44. Rf2 Qc1+ 45. Rf1 Qc2 46. Rf2 Qc1+ 1/2-1/2


[Site "https://www.chess.com"]

[Event "Titled Tuesday Blitz June 27 Late 2023"]
[White "Mihajlov, Sebastian"]
[Black "Bruedigam, Martin"]
[WhiteFideId "1512110"]
[BlackFideId "24608033"]
[WhiteElo "2702"]
[BlackElo "2540"]
[Result "1-0"]
[Round "4"]
[TimeControl "180+2"]
[Date "2023.06.27"]
[WhiteClock "0:00:39"]
[BlackClock "0:00:00"]
[Board "64"]

1. e4 c5 2. Nf3 e6 3. d4 cxd4 4. Nxd4 a6 5. c4 Qc7 6. Nc3 Nc6 7. Be3 g6 8. Be2 Bg7 9. Qd2 Nge7 10. O-O O-O 11. Rac1 d6 12. Rfd1 Rd8 13. Nd5 exd5 14. cxd5 Bd7 15. b4 Be8 16. a4 Qb8 17. dxc6 bxc6 18. Bg5 Ra7 19. Nb3 h6 20. Bxh6 Bxh6 21. Qxh6 Qxb4 22. Rd3 Bd7 23. g4 Bxg4 24. Bxg4 Qxe4 25. Rg3 Rb7 26. Nd2 Qxa4 27. Nf3 Rb3 28. Ng5 Rxg3+ 29. hxg3 Qb3 30. Qh7+ Kf8 31. Be6 1-0


[Site "https://www.chess.com"]

[Event "Titled Tuesday Blitz June 27 Late 2023"]
[White "Bolourchifard, Farzad"]
[Black "Jimenez Almeida, Luis David"]
[WhiteFideId "12510084"]
[BlackFideId "22242244"]
[WhiteElo "2699"]
[BlackElo "2538"]
[Result "0-1"]
[Round "4"]
[TimeControl "180+2"]
[Date "2023.06.27"]
[WhiteClock "0:00:12"]
[BlackClock "0:00:13"]
[Board "65"]

1. d4 g6 2. Nf3 Bg7 3. e4 c5 4. d5 d6 5. Nc3 Nf6 6. Be2 O-O 7. O-O e6 8. Re1 Re8 9. dxe6 Bxe6 10. Bg5 h6 11. Bh4 Nc6 12. Qd2 g5 13. Bg3 d5 14. exd5 Nxd5 15. Nxd5 Qxd5 16. c3 Rad8 17. Qxd5 Bxd5 18. Bb5 a6 19. Rxe8+ Rxe8 20. Bf1 f5 21. Bd6 Bf8 22. Bxf8 Kxf8 23. Nd2 Kg7 24. Nc4 Bxc4 25. Bxc4 Rd8 26. Kf1 Rd2 27. Rb1 b5 28. Be2 c4 29. Ke1 Rd6 30. Rd1 Rxd1+ 31. Kxd1 Kf6 32. Bf3 Nd8 33. Kd2 g4 34. Ba8 Ke5 35. g3 a5 36. Ke3 b4 37. Bg2 Nf7 38. Bf1 Nd6 39. cxb4 axb4 40. a3 c3 41. axb4 cxb2 42. Bd3 Nc4+ 43. Ke2 Na3 44. b5 Nxb5 45. f4+ Kf6 46. Kf2 Nc3 47. Kg2 b1=Q 48. Bxb1 Nxb1 49. h3 h5 50. Kf2 Ke6 51. Ke3 Kd5 52. hxg4 hxg4 53. Kd3 Na3 54. Kc3 Ke4 55. Kd2 Kf3 56. Kd3 Kxg3 57. Kd4 Kxf4 0-1


[Site "https://www.chess.com"]

[Event "Titled Tuesday Blitz June 27 Late 2023"]
[White "Leenhouts, Koen"]
[Black "Fisher_TheGalactic"]
[WhiteFideId "1008439"]
[WhiteElo "2537"]
[BlackElo "2693"]
[Result "0-1"]
[Round "4"]
[TimeControl "180+2"]
[Date "2023.06.27"]
[WhiteClock "0:00:00"]
[BlackClock "0:00:07"]
[Board "66"]

1. d4 a5 2. e4 a4 3. Nf3 e6 4. Bd3 d5 5. O-O dxe4 6. Bxe4 Nf6 7. Bd3 c6 8. a3 Nbd7 9. Re1 Qc7 10. Bg5 Be7 11. Nbd2 h6 12. Bh4 O-O 13. Qe2 Re8 14. Bg3 Bd6 15. Ne5 b5 16. Rad1 Bb7 17. c3 Rad8 18. Ndf3 Nh5 19. Bb1 Nxg3 20. hxg3 Nxe5 21. dxe5 Bf8 22. Qe4 g6 23. Qg4 Bg7 24. Be4 Rxd1 25. Rxd1 Rd8 26. Rxd8+ Qxd8 27. Bxg6 fxg6 28. Qxe6+ Kh7 29. Nh4 Qd3 30. Qf7 Bc8 31. e6 Qe4 32. e7 Bd7 33. f3 Qd5 34. Qxg6+ Kg8 35. e8=Q+ Bxe8 36. Qxe8+ Kh7 37. Qe4+ Qxe4 38. fxe4 Be5 39. Nf5 b4 40. Ne7 bxc3 41. bxc3 c5 42. c4 Bxg3 43. Nd5 Be5 44. Nb6 Bb2 45. Nxa4 Bxa3 46. Kf2 Kg6 47. Kf3 Kf6 48. Nb6 Ke5 49. Nd5 Kd4 50. Ne3 Bc1 51. Nf5+ Kxc4 52. Ke2 Bg5 53. g4 Kb3 54. Kd3 c4+ 55. Kd4 c3 56. Kd5 c2 57. Nd4+ Kb2 58. Nxc2 Kxc2 59. e5 Kd3 60. Ke6 Ke4 61. Kd6 Kf4 0-1


[Site "https://www.chess.com"]

[Event "Titled Tuesday Blitz June 27 Late 2023"]
[White "Hajiyev, Kanan"]
[Black "Velikanov, Alexander"]
[WhiteFideId "13404148"]
[BlackFideId "2039290"]
[WhiteElo "2536"]
[BlackElo "2693"]
[Result "1/2-1/2"]
[Round "4"]
[TimeControl "180+2"]
[Date "2023.06.27"]
[WhiteClock "0:00:08"]
[BlackClock "0:00:22"]
[Board "67"]

1. d4 g6 2. Nf3 Bg7 3. g3 c5 4. c3 b6 5. Bg2 Bb7 6. O-O Nf6 7. a4 Nc6 8. Bg5 O-O 9. Ne5 d5 10. Nd2 Nxe5 11. dxe5 Ng4 12. e6 fxe6 13. Bh3 Ne5 14. Bxe6+ Kh8 15. Bh3 Nf7 16. Nf3 d4 17. Bd2 d3 18. Bg2 c4 19. exd3 cxd3 20. Re1 e5 21. Nxe5 Bxg2 22. Nxf7+ Rxf7 23. Kxg2 Qd5+ 24. Kg1 Raf8 25. Be3 Rd7 26. Qd2 h5 27. h4 Qf5 28. Bg5 Qh3 29. Re3 Qf5 30. Rae1 Kh7 31. Bf4 Rfd8 32. Kg2 Rd5 33. Kg1 R8d7 34. Re4 Qf7 35. R1e3 a6 36. Rf3 Qg8 37. Kg2 Qa8 38. Kg1 Rf5 39. Rfe3 b5 40. axb5 axb5 41. Kh2 Rfd5 42. Re7 Qa2 43. Rxd7 Rxd7 44. Rxd3 Rxd3 45. Qxd3 Qxb2 46. Be3 Qxc3 47. Qxb5 Qf6 48. Qg5 Qxg5 49. Bxg5 Kg8 50. Kg2 Kf7 51. Kf3 Ke6 52. Ke4 Bf8 53. Bf4 Bg7 54. Be3 Bf6 55. f3 Be7 56. Bg5 Bd6 57. Bf4 Be7 58. Be3 Bf6 59. Bf2 Be7 60. Kf4 Bf6 61. Be1 Be7 62. Ke4 Bf6 63. g4 Be7 64. gxh5 gxh5 65. f4 Bf6 66. f5+ Kf7 67. Bg3 Be7 68. Kf4 Bf6 69. Kf3 Be7 70. Ke4 Bf6 71. Bf2 Be7 72. Kf4 Bf6 73. Kg3 Be5+ 74. Kf3 Bf6 75. Be1 Be7 76. Kf4 Bf6 77. Ke4 Be7 78. Kd5 Bf6 79. Ke4 Be7 80. Bg3 Bf6 81. Bf2 Be7 82. Ke3 Bf6 83. Kf3 Be7 84. Kg2 Kf6 85. Kh3 Kxf5 86. Bg3 Ke4 87. Bf2 Kf3 88. Be1 Bd6 89. Bc3 Bf4 90. Bf6 1/2-1/2


[Site "https://www.chess.com"]

[Event "Titled Tuesday Blitz June 27 Late 2023"]
[White "D`Arruda, Ricardo D."]
[Black "Volkov, Maksim"]
[WhiteFideId "100692"]
[BlackFideId "54123070"]
[WhiteElo "2535"]
[BlackElo "2690"]
[Result "1-0"]
[Round "4"]
[TimeControl "180+2"]
[Date "2023.06.27"]
[WhiteClock "0:01:55"]
[BlackClock "0:01:02"]
[Board "68"]

1. d4 d5 2. Nf3 Nf6 3. c4 e6 4. e3 c6 5. Nc3 Nbd7 6. Bd3 dxc4 7. Bxc4 b5 8. Bb3 Bb7 9. O-O a6 10. Qe2 c5 11. Rd1 Qb6 12. e4 cxd4 13. Nxd4 Bc5 14. Be3 O-O 15. a4 b4 16. a5 Qa7 17. Na4 Nxe4 18. Nxc5 Nexc5 19. Nxe6 Bf3 20. gxf3 fxe6 21. Bxe6+ Kh8 22. Rxd7 Qxd7 23. Bxd7 Nxd7 24. Bd4 Rfe8 25. Qd2 Rab8 26. Bxg7+ 1-0


[Site "https://www.chess.com"]

[Event "Titled Tuesday Blitz June 27 Late 2023"]
[White "Martinez Reyes, Pedro Ramon"]
[Black "Korchmar, Vasiliy"]
[WhiteFideId "3901807"]
[BlackFideId "24131750"]
[WhiteElo "2524"]
[BlackElo "2687"]
[Result "0-1"]
[Round "4"]
[TimeControl "180+2"]
[Date "2023.06.27"]
[WhiteClock "0:00:01"]
[BlackClock "0:00:02"]
[Board "69"]

1. e4 c5 2. b3 Nc6 3. Bb2 e5 4. Bb5 Nge7 5. Ne2 g6 6. f4 Bg7 7. O-O O-O 8. d3 d5 9. Bxc6 Nxc6 10. Nd2 Bg4 11. h3 Bxe2 12. Qxe2 Nd4 13. Bxd4 cxd4 14. exd5 exf4 15. Rxf4 Rc8 16. Ne4 f5 17. Nd2 Bh6 18. Qe6+ Rf7 19. Rf2 Rxc2 20. Nc4 Rxf2 21. Ne5 Be3 22. Nxf7 Rxa2+ 23. Kh2 Bf4+ 24. Kg1 Rxa1+ 25. Kf2 Qh4+ 26. Ke2 Qg3 27. Ne5+ Kg7 28. Qf7+ Kh6 29. Qf8+ Kh5 30. Nf3 Ra2+ 31. Nd2 Rxd2+ 0-1


[Site "https://www.chess.com"]

[Event "Titled Tuesday Blitz June 27 Late 2023"]
[White "Koc, Przemyslaw"]
[Black "Fernandez Guillen, Ernesto J."]
[WhiteFideId "1109081"]
[BlackFideId "3512428"]
[WhiteElo "2515"]
[BlackElo "2683"]
[Result "0-1"]
[Round "4"]
[TimeControl "180+2"]
[Date "2023.06.27"]
[WhiteClock "0:00:00"]
[BlackClock "0:00:05"]
[Board "70"]

1. d4 Nf6 2. Nf3 g6 3. Bg5 b6 4. Nbd2 Bb7 5. e3 Bg7 6. Bd3 d5 7. O-O Nbd7 8. c4 O-O 9. cxd5 Nxd5 10. Rc1 c5 11. a3 a6 12. e4 N5f6 13. d5 h6 14. Bf4 Nh5 15. Be3 Bxb2 16. Bxh6 Bxc1 17. Qxc1 Re8 18. Qb2 e5 19. dxe6 Rxe6 20. Bc4 Qf6 21. Qb3 b5 22. Bxe6 Qxe6 23. Qb2 Re8 24. h3 Qf6 25. Qc2 c4 26. Rd1 Nf4 27. Bg5 Ne2+ 28. Kf1 Qc3 29. Qb1 Qd3 30. Qxd3 cxd3 31. Ne1 Nc3 32. Rc1 Nxe4 33. Be3 Nxd2+ 34. Bxd2 Ne5 35. Rc7 Bd5 36. Bc3 Bc4 37. Kg1 g5 38. g3 Kh7 39. f4 gxf4 40. gxf4 Ng6 41. Ng2 Re2 42. f5 Ne5 43. Nf4 Nf3+ 44. Kf1 Rc2 45. Ng2 d2+ 0-1


[Site "https://www.chess.com"]

[Event "Titled Tuesday Blitz June 27 Late 2023"]
[White "Prestia, Paris"]
[Black "Koutsin, Sergey"]
[WhiteFideId "30925959"]
[BlackFideId "14101483"]
[WhiteElo "2682"]
[BlackElo "2507"]
[Result "0-1"]
[Round "4"]
[TimeControl "180+2"]
[Date "2023.06.27"]
[WhiteClock "0:00:19"]
[BlackClock "0:00:17"]
[Board "71"]

1. d4 Nf6 2. Bg5 e6 3. Nd2 d5 4. e3 h6 5. Bh4 c5 6. c3 Qb6 7. Qb3 Nc6 8. Bb5 Bd7 9. Ngf3 cxd4 10. exd4 Bd6 11. Bd3 Qc7 12. Bg3 O-O 13. O-O a6 14. a4 Rac8 15. Rfe1 Bxg3 16. hxg3 Rfd8 17. Ne5 Be8 18. Ndf3 Nxe5 19. Nxe5 Nd7 20. a5 Nf8 21. Qa3 Rd6 22. Re2 Rb8 23. f4 b5 24. axb6 Rdxb6 25. b4 Bb5 26. Bxb5 axb5 27. Nd3 Nd7 28. Nc5 Qc6 29. Qa7 Nf6 30. Qe7 Re8 31. Qa7 Ne4 32. Nxe4 dxe4 33. Qa3 Rc8 34. Re3 f5 35. Qa2 Qc4 36. Qxc4 Rxc4 37. Ra3 g5 38. Kf2 Kf7 39. Ra7+ Kf6 40. Rh7 Kg6 41. Ra7 Rbc6 42. Ra3 Kh5 43. Ke2 Kg4 44. fxg5 hxg5 45. Kd2 Rd6 46. Kc2 Rd5 47. Ra6 e5 48. dxe5 Rxe5 49. Rf6 f4 50. gxf4 gxf4 51. Re1 e3 52. Rg6+ Rg5 53. Rxg5+ Kxg5 54. Kd3 Kg4 55. Re2 Rc7 56. Ke4 Re7+ 57. Kd5 f3 58. gxf3+ Kxf3 59. Re1 e2 60. Kc5 Re5+ 61. Kd4 Rh5 62. Ra1 Kf2 63. c4 Rh4+ 64. Kc5 bxc4 65. b5 e1=Q 66. Rxe1 Kxe1 67. Kb6 c3 68. Ka7 c2 69. b6 c1=Q 70. b7 Qa3+ 71. Kb8 Qb4 72. Kc8 Rh8+ 73. Kc7 Qc5+ 74. Kd7 Qb6 75. Ke7 Ra8 76. Kf7 Rb8 77. Ke7 Rxb7+ 78. Kf8 Qa7 79. Ke8 Qa8# 0-1


[Site "https://www.chess.com"]

[Event "Titled Tuesday Blitz June 27 Late 2023"]
[White "Toniutti, Ezio"]
[Black "Gokerkan, Cem Kaan"]
[WhiteFideId "113034"]
[BlackFideId "6336760"]
[WhiteElo "2494"]
[BlackElo "2682"]
[Result "0-1"]
[Round "4"]
[TimeControl "180+2"]
[Date "2023.06.27"]
[WhiteClock "0:00:07"]
[BlackClock "0:00:38"]
[Board "72"]

1. d4 Nf6 2. c4 g6 3. Nc3 Bg7 4. e4 O-O 5. f4 d6 6. Nf3 Bg4 7. Bd3 Nc6 8. Be3 e5 9. fxe5 dxe5 10. d5 Nd4 11. O-O Nh5 12. Qd2 Bxf3 13. gxf3 Qh4 14. Bg5 Qh3 15. Qg2 Qxg2+ 16. Kxg2 h6 17. Be3 Nf4+ 18. Bxf4 exf4 19. Rac1 Be5 20. b3 a6 21. Ne2 Rfe8 22. Nxd4 Bxd4 23. Rfe1 Re5 24. Rc2 b6 25. Ree2 a5 26. Kf1 Rae8 27. Rg2 Rh5 28. Rg4 Be3 29. Rgg2 Kg7 30. Rge2 Kf6 31. Rg2 Ke5 32. Ke2 Kd6 33. a3 Bc5 34. Ra2 Rh3 35. Ra1 g5 36. a4 f5 37. Rf1 Bd4 38. Kd1 fxe4 39. Bxe4 Rxe4 40. fxe4 Rxb3 41. Rc2 f3 42. Kc1 Be3+ 0-1


[Site "https://www.chess.com"]

[Event "Titled Tuesday Blitz June 27 Late 2023"]
[White "Reprintsev, Alexander"]
[Black "Vetoshko, Volodymyr"]
[WhiteFideId "14100541"]
[BlackFideId "14122480"]
[WhiteElo "2485"]
[BlackElo "2676"]
[Result "0-1"]
[Round "4"]
[TimeControl "180+2"]
[Date "2023.06.27"]
[WhiteClock "0:00:53"]
[BlackClock "0:01:05"]
[Board "73"]

1. e4 c6 2. Nc3 d5 3. Nf3 dxe4 4. Nxe4 Nf6 5. Qe2 Nxe4 6. Qxe4 Qd5 7. Qf4 Qf5 8. Qe3 Qxc2 9. Bd3 Qa4 10. O-O Nd7 11. b3 Qa5 12. Bb2 Nf6 13. Ne5 e6 14. Nc4 Qd8 15. Rae1 Be7 16. Qh3 g6 17. Qh6 Qxd3 0-1


[Site "https://www.chess.com"]

[Event "Titled Tuesday Blitz June 27 Late 2023"]
[White "Harikrishnan.A.Ra"]
[Black "Titichoca Daza, Daniel"]
[WhiteFideId "5081483"]
[BlackFideId "3309550"]
[WhiteElo "2675"]
[BlackElo "2472"]
[Result "1-0"]
[Round "4"]
[TimeControl "180+2"]
[Date "2023.06.27"]
[WhiteClock "0:00:06"]
[BlackClock "0:00:03"]
[Board "74"]

1. d4 d5 2. Nf3 Nf6 3. Bg5 c5 4. e3 Nbd7 5. c3 g6 6. Nbd2 Bg7 7. Bd3 O-O 8. O-O b6 9. a4 a6 10. b4 Bb7 11. Rb1 cxd4 12. cxd4 Ne4 13. Bxe4 dxe4 14. Ne1 Re8 15. f3 exf3 16. Nexf3 Rc8 17. Qb3 Qc7 18. e4 Qc2 19. Qxc2 Rxc2 20. Rfc1 Rec8 21. Rxc2 Rxc2 22. d5 Ne5 23. Bxe7 Nd3 24. Kf1 f5 25. d6 Bc6 26. exf5 gxf5 27. Nb3 Bxa4 28. Nbd4 Ra2 29. b5 Nc5 30. bxa6 Bd7 31. Rxb6 Rxa6 32. Rb8+ Kf7 33. Ng5+ Kg6 34. Nh3 Nd3 35. Nf3 Ra2 36. Rg8 Kf7 37. Rd8 Bh6 38. Nhg5+ Kg6 39. Rxd7 Nf4 40. Rb7 Bg7 41. d7 Bd4 42. Nxd4 Ra1+ 43. Kf2 Ra2+ 44. Kf3 Nd5 45. d8=Q h6 46. Qg8+ Kh5 47. Qf7+ Kh4 48. g3# 1-0


[Site "https://www.chess.com"]

[Event "Titled Tuesday Blitz June 27 Late 2023"]
[White "Cuenca Jimenez, Jose Fernando"]
[Black "Luong Phuong Hanh"]
[WhiteFideId "2255570"]
[BlackFideId "12401013"]
[WhiteElo "2673"]
[BlackElo "2462"]
[Result "1-0"]
[Round "4"]
[TimeControl "180+2"]
[Date "2023.06.27"]
[WhiteClock "0:01:57"]
[BlackClock "0:00:00"]
[Board "75"]

1. c4 Nf6 2. Nc3 d5 3. cxd5 Nxd5 4. Nf3 g6 5. h4 h6 6. g3 Bg7 7. Bg2 Nb6 8. O-O O-O 9. d3 Nc6 10. Bd2 Bg4 11. a3 Qd7 12. Re1 Rad8 13. Rc1 Rfe8 14. b4 e5 15. Ne4 Bxf3 16. Bxf3 Nd4 17. Bxh6 Nxf3+ 18. exf3 Qxd3 19. Qxd3 Rxd3 20. Bxg7 Kxg7 21. Rxc7 Rd7 22. Rec1 Ree7 23. R7c3 Na4 24. Re3 b6 25. Kg2 Rc7 26. Rd1 Rc2 27. Nd6 f6 28. f4 Nc3 29. Rdd3 Na4 30. fxe5 fxe5 31. Rd5 e4 32. Rxe4 Rxe4 33. Nxe4 Ra2 34. Rd7+ Kh6 35. Ng5 Kh5 36. Kh3 1-0


[Site "https://www.chess.com"]

[Event "Titled Tuesday Blitz June 27 Late 2023"]
[White "Herman, Daniel"]
[Black "Alex_Sahakyan2006"]
[WhiteFideId "30935008"]
[WhiteElo "2460"]
[BlackElo "2672"]
[Result "0-1"]
[Round "4"]
[TimeControl "180+2"]
[Date "2023.06.27"]
[WhiteClock "0:00:06"]
[BlackClock "0:00:25"]
[Board "76"]

1. e4 c6 2. d4 d5 3. e5 c5 4. dxc5 Nc6 5. f4 Bf5 6. Nf3 e6 7. Be3 Nh6 8. c3 Bg4 9. Nbd2 Nf5 10. Bf2 d4 11. Ne4 Qd5 12. Bd3 Bxc5 13. c4 Bb4+ 14. Kf1 Qd8 15. h3 Bxf3 16. Qxf3 O-O 17. g4 Ne3+ 18. Ke2 f5 19. exf6 gxf6 20. g5 f5 21. Nf6+ Kh8 22. Nxh7 Kxh7 23. Qh5+ Kg7 24. Qh6+ Kf7 25. g6+ Ke8 26. g7 Kd7 27. gxf8=Q Bxf8 28. Qh7+ Be7 29. Rhg1 Qb6 30. b3 Qb4 31. Rgc1 a5 32. Rab1 Rf8 33. Bxe3 dxe3 34. Rd1 Kc8 35. c5 Qxf4 36. Rf1 Nd4+ 37. Kd1 Qh2 38. Be2 Qxe2+ 39. Kc1 Qd2# 0-1


[Site "https://www.chess.com"]

[Event "Titled Tuesday Blitz June 27 Late 2023"]
[White "szachmistrz2500"]
[Black "Rosen, Eric"]
[BlackFideId "2032562"]
[WhiteElo "2451"]
[BlackElo "2672"]
[Result "0-1"]
[Round "4"]
[TimeControl "180+2"]
[Date "2023.06.27"]
[WhiteClock "0:00:03"]
[BlackClock "0:00:05"]
[Board "77"]

1. d4 d5 2. c4 e6 3. Nf3 Nf6 4. g3 dxc4 5. Bg2 Bb4+ 6. Bd2 c5 7. dxc5 Bxc5 8. Qa4+ Nbd7 9. Qxc4 b5 10. Qxb5 Rb8 11. Qd3 Rxb2 12. O-O O-O 13. Bc3 Rb6 14. Rd1 Ba6 15. Qc2 Qc7 16. e3 Be7 17. Qa4 Bb5 18. Qf4 Bd6 19. Qh4 Be2 20. Rc1 Qd8 21. Ba5 Ne5 22. Nbd2 Nd3 23. Rc3 Be7 24. Bxb6 Qxb6 25. Rb3 Qa6 26. Bf1 Bxf1 27. Nxf1 Nc5 28. Rb2 Qc6 29. Nd4 Qa4 30. a3 Nd5 31. Nb5 Qxh4 32. gxh4 Bf6 33. Nd4 e5 34. Nb5 a6 35. Nd6 e4 36. Rab1 Bxb2 37. Rxb2 Nd3 38. Rb7 f5 39. Ng3 g6 40. h5 Rd8 41. Nc4 Nc5 42. Ra7 Nc3 43. h6 Ne6 44. Re7 Ng5 45. Rg7+ Kf8 46. Ne5 Nf3+ 47. Nxf3 exf3 48. h4 Rd1+ 49. Kh2 Rd2 50. Kg1 Rd1+ 51. Kh2 Ne2 52. h5 Rf1 53. hxg6 hxg6 54. Rxg6 Rxf2+ 55. Kh3 Nxg3 56. Rxg3 Rf1 57. h7 Rh1# 0-1


[Site "https://www.chess.com"]

[Event "Titled Tuesday Blitz June 27 Late 2023"]
[White "Stoleriu, George"]
[Black "JERO-8914"]
[WhiteFideId "1227505"]
[WhiteElo "2666"]
[BlackElo "2449"]
[Result "1-0"]
[Round "4"]
[TimeControl "180+2"]
[Date "2023.06.27"]
[WhiteClock "0:01:29"]
[BlackClock "0:00:30"]
[Board "78"]

1. e4 c6 2. Nf3 d5 3. exd5 cxd5 4. Ne5 Nc6 5. d4 Nxe5 6. dxe5 e6 7. c4 Ne7 8. Nc3 d4 9. Nb5 Nc6 10. f4 Bb4+ 11. Bd2 Bxd2+ 12. Qxd2 O-O 13. Bd3 a6 14. Nd6 f6 15. Nxc8 Rxc8 16. exf6 Qxf6 17. O-O Ne7 18. Rae1 Nf5 19. Re4 Ne3 20. Re1 Nxc4 21. Qb4 b5 22. b3 Ne3 23. Qxd4 Qxd4 24. Rxd4 Nc2 25. Bxc2 Rxc2 26. a4 bxa4 27. Rxa4 Rb2 28. Rxe6 Rxf4 29. Rxf4 1-0


[Site "https://www.chess.com"]

[Event "Titled Tuesday Blitz June 27 Late 2023"]
[White "liwadas82"]
[Black "Manukyan, Sargis A."]
[BlackFideId "13303970"]
[WhiteElo "2449"]
[BlackElo "2659"]
[Result "0-1"]
[Round "4"]
[TimeControl "180+2"]
[Date "2023.06.27"]
[WhiteClock "0:00:03"]
[BlackClock "0:02:10"]
[Board "79"]

1. e4 c5 2. Nf3 d6 3. d4 cxd4 4. Nxd4 Nf6 5. Nc3 g6 6. g3 Bg7 7. Bg2 O-O 8. O-O Nc6 9. Nde2 Rb8 10. a4 a6 11. Nd5 b5 12. axb5 axb5 13. Bg5 b4 14. Bxf6 exf6 15. c3 bxc3 16. bxc3 f5 17. exf5 Bxf5 18. Ra6 Ne5 19. Nd4 Bd3 20. Nc6 Nxc6 21. Qxd3 Ne5 22. Qc2 Rc8 23. Rd1 Nc4 24. Ra7 Kh8 25. h4 h5 26. Re1 Ne5 27. Qe4 Re8 28. Qb1 Rb8 29. Qd1 Rb2 30. f4 Ng4 31. Rxf7 Qa8 32. Rxg7 Kxg7 33. Qd4+ Kh6 34. Ne7 Qxg2# 0-1


[Site "https://www.chess.com"]

[Event "Titled Tuesday Blitz June 27 Late 2023"]
[White "Papp, Levente"]
[Black "Karthik, Advaith"]
[WhiteFideId "751243"]
[BlackFideId "30946050"]
[WhiteElo "2654"]
[BlackElo "2447"]
[Result "1-0"]
[Round "4"]
[TimeControl "180+2"]
[Date "2023.06.27"]
[WhiteClock "0:00:21"]
[BlackClock "0:00:00"]
[Board "80"]

1. b3 d5 2. Bb2 c5 3. e3 Nc6 4. Nf3 a6 5. d4 Bg4 6. Be2 e6 7. O-O Nf6 8. c4 cxd4 9. Nxd4 Bxe2 10. Qxe2 Nxd4 11. Bxd4 Be7 12. cxd5 Qxd5 13. Nc3 Qa5 14. Na4 O-O 15. Rac1 Qb5 16. Qf3 Rac8 17. Qg3 Nh5 18. Qf3 Nf6 19. Rxc8 Rxc8 20. Nb6 Rc6 21. Nc4 Nd7 22. Rd1 Rc8 23. Qg3 f6 24. Qg4 Nf8 25. h4 Rd8 26. h5 e5 27. Bb2 Rxd1+ 28. Qxd1 Qd7 29. Qf3 Ne6 30. h6 g6 31. Nb6 Qd2 32. Nd5 Qxb2 33. Nxe7+ Kf7 34. Qxb7 Qc1+ 35. Kh2 Qc7 36. Qxc7 Nxc7 37. Nc6 Ke6 38. Nb4 Kd6 39. Nd3 Kd5 40. f3 a5 41. Kg3 Nb5 42. Kf2 Nc3 43. a4 g5 44. Ke1 e4 45. Nf2 f5 46. fxe4+ fxe4 47. Ng4 Ke6 48. Nf2 Kf5 49. Kd2 Nd5 50. Nd1 Kg6 51. Nc3 Nf6 52. b4 axb4 53. Nb5 1-0


[Site "https://www.chess.com"]